 Dungeon Crawl Stone Soup version 0.27.1-2-g3b301248ec (webtiles) character file.

Game seed: 12571765759141619084

62 snilloc10 the Sneak (level 3, 0/22 (24) HPs)
             Began as a Demonspawn Venom Mage on Sept 22, 2021.
             Slain by a necrophage (4 damage)
             ... on level 3 of the Dungeon.
             The game lasted 00:11:06 (3744 turns).

snilloc10 the Sneak (Demonspawn Venom Mage)         Turns: 3744, Time: 00:11:06

HP:   0/22 (24)     AC:  3    Str:  8    XL:     3   Next: 85%
MP:   6/6           EV: 12    Int: 16    God:
Gold: 73            SH:  0    Dex: 14    Spells: 3/6 levels left

rFire    . . .     SeeInvis .   l - +0 rapier
rCold    . . .     Faith    .   (no shield)
rNeg     . . .     Spirit   .   a - +0 robe
rPois    .         Reflect  .   (no helmet)
rElec    .         Harm     .   (no cloak)
rCorr    .         Rampage  .   (no gloves)
Will     .....                  (no boots)
Stlth    +++.......             (no amulet)
HPRegen  0.07/turn              (no ring)
MPRegen  0.10/turn              (no ring)

@: drained
A: rugged brown scales 1
a: no special abilities


You were on level 3 of the Dungeon.
You visited 1 branch of the dungeon, and saw 3 of its levels.

You collected 73 gold pieces.

Inventory:

Hand Weapons
 d - a +0 club
 e - a +1 hand axe
 l - a +0 rapier (weapon)
Armour
 a - a +0 robe (worn)
Magical Staves
 c - a staff of conjuration
Jewellery
 h - an amulet of reflection
 k - an amulet of regeneration
Scrolls
 b - a scroll of magic mapping
 g - a scroll of noise {unknown}
 j - a scroll of blinking {unknown}
Potions
 f - a potion of lignification {unknown}
 i - a potion of brilliance {unknown}


   Skills:
 * Level 1.8 Dodging
 + Level 4.1 Stealth
 + Level 2.0 Spellcasting
 + Level 0.0 Conjurations
 - Level 0.8 Transmutations
 + Level 3.0 Poison Magic


You had 3 spell levels left.
You knew the following spells:

 Your Spells              Type           Power      Damage    Failure   Level
a - Sting                 Tmut/Pois      28%        1d4       10%         1
b - Poisonous Vapours     Pois/Air       12%        N/A       17%         2

Your spell library contained the following spells:

 Spells                   Type           Power      Damage    Failure   Level
 Slow                     Hex            1%         N/A       30%         2
 Mephitic Cloud           Conj/Pois/Air  4%         N/A       38%         3
 Confusing Touch          Hex            1%         N/A       52%         3
 Olgreb's Toxic Radiance  Pois           11%        N/A       52%         4
 Yara's Violent Unravell  Hex/Tmut       1%         3d3       99%         5


Dungeon Overview and Level Annotations

Branches:
Dungeon (3/15)

Altars:


Innate Abilities, Weirdness & Mutations

You are partially covered in rugged brown scales. (AC +1, +3% HP)


Message History

No target in view!
No target in view!
No target in view!
No target in view!
No target in view!
No target in view!
No target in view!
No target in view!
You enter the shallow water.
Moving in this stuff is going to be slow.
You hit the necrophage.
The necrophage is moderately damaged.
The necrophage hits you.
You feel drained. The necrophage hits you!
You feel drained.
You barely miss the necrophage.
The necrophage is moderately damaged.
The necrophage barely misses you.
Casting: Poisonous Vapours (safe; 17% risk of failure)
Confirm with . or Enter, or press ? or * to list all spells.
Aiming: Sting (safe; 10% risk of failure)
Press: ? - help, Shift-Dir - straight line, f - necrophage
Aim: a necrophage (moderately damaged, 68% to hit)
The sting hits the necrophage.
The necrophage partially resists.
The necrophage is moderately damaged.
The necrophage hits you.
You hit the necrophage.
The necrophage is moderately damaged.
The necrophage barely misses you.
You hit the necrophage but do no damage.
The necrophage is moderately damaged.
The necrophage hits you but does no damage.
The necrophage hits you.
* * * LOW HITPOINT WARNING * * *
You closely miss the necrophage.
The necrophage is moderately damaged.
The necrophage hits you.
* * * LOW HITPOINT WARNING * * *
l - a +0 rapier (weapon)
The necrophage hits you.
You die...

##........# #...#
#.≈##≈≈#.≈. #.≈≈.....#
###.### #......#≈.≈
#........# #.....#
#.###..#### ##≈.##...#
#.....# #.# #### ##......#
#.....# #.#
####...###.....# #.#
########...........# #[#
.......#..###.##.######.#
######.#..###..n@.......#
#...........##.########
#.##.#..###≈##.############
# #.#..##≈≈≈.÷...........#
....≈..≈≈≈≈#.###########.#
.#≈≈≈≈≈≈....# #.#
#.≈≈≈##.###.### #.# #.
#....# #.# #.# #..#..###
#.# #†#


You could see a necrophage.

Vanquished Creatures
  2 adders
  2 worms
  6 bats
  5 endoplasms
  2 giant cockroaches
  4 goblins
  5 hobgoblins
  2 kobolds
  2 quokkas
  A ball python (D:3)
  2 frilled lizards (D:3)
  3 rats
36 creatures vanquished.

Notes
Turn   | Place    | Note
-------+----------+-------------------------------------------
     0 | D:1      | snilloc10 the Demonspawn Venom Mage began the quest for the
                  | Orb.
     0 | D:1      | Reached XP level 1. HP: 13/13 MP: 3/3
    86 | D:1      | Reached skill level 2 in Stealth
   445 | D:1      | Gained mutation: You are partially covered in rugged brown
                  | scales. (AC +1, +3% HP) [demonic ancestry]
   445 | D:1      | Reached XP level 2. HP: 4/19 MP: 1/5
  1194 | D:2      | Reached skill level 3 in Stealth
  1872 | D:2      | Learned a level 2 spell: Poisonous Vapours
  2206 | D:2      | Reached XP level 3. HP: 12/24 MP: 3/6
  2902 | D:3      | HP: 1/24 [poisoned by an adder]
  3116 | D:3      | Noticed a necrophage
  3320 | D:3      | Reached skill level 4 in Stealth
  3744 | D:3      | Slain by a necrophage

Illustrated notes

Levels and vault maps discovered:
D:1:      lemuel_arrival_tunnels, layout_loops_ring
D:2:      layout_loops_ring, serial_bayou_pond_a
D:3:      layout_loops_ring, serial_rivers, chequers_serial_rivers_small_b,
          chequers_serial_rivers_marsh, chequers_serial_rivers_micro_c,
          chequers_serial_rivers_small_a, chequers_serial_rivers_room_a,
          chequers_serial_rivers_marsh

Skill      XL: |  1  2  3 |
---------------+----------+-----
Stealth        | 2 3 4 |  4.1
Dodging        | |  1.8
Spellcasting   | |  2.0
Transmutations | |  0.8
Poison Magic   | |  3.0

Action                   || total
-------------------------++-------
Melee: Unarmed           ||    15
       Hand axe          ||   126
 Cast: Sting             ||    20
       Poisonous Vapours ||     1
  Use: Scroll            ||     2
 Stab: Sleeping          ||     6
Armor: Robe              ||    51
Dodge: Dodged            ||   106
